 Dungeon Crawl Stone Soup version 0.31-a0-154-g56bf346678 (webtiles) character file.

Game seed: 1389729655543312587

1246 quinnr the Zephyrmancer (level 8, -6/40 HPs)
             Began as a Vine Stalker Air Elementalist on June 11, 2023.
             Mangled by a wight
             ... wielding a +3 dire flail
              (14 damage)
             ... on level 6 of the Dungeon.
             The game lasted 00:18:39 (6808 turns).

quinnr the Zephyrmancer (VSAE)                      Turns: 6808, Time: 00:18:40

Health: -6/40      AC:  4    Str: 11    XL:     8   Next: 50%
Magic:  0/13       EV: 12    Int: 23    God:
Gold:   451        SH:  0    Dex: 15    Spells: 3/13 levels left

rFire   . . .        h - +2 whip (vamp)
rCold   . . .        (no shield)
rNeg    . . .        a - +0 robe
rPois   .            o - +0 helmet
rElec   .            (no cloak)
rCorr   .            d - +0 pair of gloves
SInv    .            (no boots)
Will    +++..        (no amulet)
Stlth   ++           W - ring of willpower
HPRegen 1.06/turn    I - +6 ring of intelligence
MPRegen 0.13/turn

%: clarity, guardian spirit
@: enlightened, flying
A: fangs 3, regeneration 1, magic shield, antimagic bite, no potion heal 2,
clarity
a: no special abilities


You were on level 6 of the Dungeon.
You visited 2 branches of the dungeon, and saw 8 of its levels.

You collected 451 gold pieces.


Innate Abilities, Weirdness & Mutations

You have razor-sharp teeth.
Your natural rate of healing is unusually fast.
When hurt, damage is shared between your health and your magic reserves.
Your bite disrupts and absorbs the magic of your enemies.
Potions cannot restore your health.
You possess an exceptional clarity of mind.


   Skills:
 + Level 3.5 Fighting
 - Level 2.0 Dodging
 - Level 3.0 Stealth
 - Level 3.0 Spellcasting
 - Level 2.0 Conjurations
 - Level 9.0 Air Magic


You had 3 spell levels left.
You knew the following spells:

 Your Spells              Type           Power      Damage    Failure   Level
a - Airstrike             Air            22%        2d(4-20)  2%          4
i - Swiftness             Air            44%        N/A       1%          3
t - Static Discharge      Conj/Air       56%        2-5/arc   1%          2
z - Shock                 Conj/Air       100%       1d9       1%          1

Your spell library contained the following spells:

 Spells                   Type           Power      Damage    Failure   Level
 Ensorcelled Hibernation  Hex/Ice        6%         N/A       17%         2
 Passwall                 Tmut/Erth      2%         N/A       17%         2

Inventory:

Hand Weapons
 h - a +2 vampiric whip (weapon)
Missiles
 e - 12 poisoned darts
Armour
 a - a +0 robe (worn)
 d - a +0 pair of gloves (worn)
 o - a +0 helmet (worn)
 v - a +0 cloak
Magical Staves
 q - a staff of fire {!a}
Jewellery
 I - a +6 ring of intelligence (right hand)
 W - a ring of willpower (left hand)
Scrolls
 c - 11 scrolls of identify {unknown}
 g - a scroll of vulnerability {unknown}
 l - a scroll of brand weapon {unknown}
 m - a scroll of teleportation {unknown}
 p - a scroll of fear {unknown}
 t - 3 scrolls of enchant weapon
 u - a scroll of magic mapping
 w - a scroll of noise {unknown}
Potions
 f - a potion of haste {unknown}
 i - a potion of berserk rage {unknown}
 j - a potion of brilliance {unknown}
 k - a potion of enlightenment
 n - a potion of curing {@q1}
 s - a potion of resistance {unknown}

Dungeon Overview and Level Annotations

Branches:
Dungeon (7/15)             Temple (1/1) D:4

Altars:
Ashenzari
Cheibriados
Elyvilon
Gozag
Hepliaklqana
Kikubaaqudgha
Nemelex Xobeh
Okawaru
Qazlal
Ru
Trog
Uskayaw
Wu Jian
Xom
Yredelemnul
Zin
The Shining One

Shops:
D:1 [*?   D:3 ((

Annotations:
D:2 1 runed translucent door, Crazy Yiuf
D:5 3 runed translucent doors, IdlyInterested's ghost, novice DsGl; Starbright's ghost, novice OpCj; Whirlpool's ghost, novice DECj; rinse's ghost, amateur KoDe

.#ยง.......##...#..........#
.##.###...##......#.....#.#
.##.# ...##...#........#.#
.##.#
#..##...#.?#..#..#.###. ..
.. ......$[..............
..#...#.###.#..#.###..##
........................
###.#.#z###..).#.###.#
#....@# #....#.###.#
....#...# #.#.##.#.#.#
....#.#.. #.#.##.#.#.# ...
#.#..##.#........### ..
........#)####.#....
##.#.....#.####.....z
..........).......(.
#.#.....).....####.. #
#.###...##..# ###


You could see a wight.


Message History

Unknown command.
Magic courses through your body. The wight barely misses you.
Casting: Shock (safe; 1% risk of failure)
Confirm with . or Enter, or press ? or * to list all spells.
Aiming: Airstrike (dangerous; 2% risk of failure)
Press: ? - help, Dir - move target, f - steam dragon
Aim: a steam dragon (empty space bonus: 7/8)
The air twists around and strikes the steam dragon!!
The steam dragon is almost dead.
The wight hits you with a +3 dire flail!
* * * LOW HITPOINT WARNING * * *
Casting: Airstrike (dangerous; 2% risk of failure)
Confirm with . or Enter, or press ? or * to list all spells.
Aiming: Airstrike (dangerous; 2% risk of failure)
Press: ? - help, Dir - move target, f/p - steam dragon
Aim: a steam dragon (almost dead, empty space bonus: 5/8)
The air twists around and strikes the steam dragon.
You kill the steam dragon!
The steam dragon scales are intact enough to wear.
The wight closely misses you.
Training target 3.0 for Fighting reached!
Your Fighting skill increases to level 3!
You need to enable at least one skill for training.
Unknown command.
Unknown command.
Okay, then.
Unknown command.
It was a potion of curing.
That felt strangely inert.
The wight hits you with a +3 dire flail!
You die...

Skill      XL: |  1  2  3  4  5  6  7  8 |
---------------+-------------------------+-----
Stealth        | 3 |  3.0
Dodging        | 2 |  2.0
Conjurations   | 2 |  2.0
Spellcasting   | 3 |  3.0
Air Magic      | 4 6 8 9 |  9.0
Fighting       | 1 2 3 |  3.5

Action                     |  1- 3 |  4- 6 |  7- 9 || total
---------------------------+-------+-------+-------++-------
  Melee: Unarmed           |     8 |       |       ||     8
         Bite              |     4 |     4 |       ||     8
         Whip              |     4 |    10 |     2 ||    16
         Punch             |     1 |       |       ||     1
  Throw: Throwing net      |       |       |     2 ||     2
   Cast: Shock             |    70 |   188 |    34 ||   292
         Static Discharge  |       |     3 |     1 ||     4
         Airstrike         |       |       |    15 ||    15
    Use: Potion            |       |     1 |     3 ||     4
         Scroll            |       |       |     2 ||     2
 Armour: Robe              |     4 |    13 |       ||    17
  Dodge: Dodged            |    13 |    55 |    11 ||    79

Levels and vault maps discovered:
D:1:      pf_arrival_petrified_forest, layout_rooms, serial_shops, shop, shop,
          shop, minmay_misc_feat_ornament, nicolae_grassy_gnolls
D:2:      layout_basic, nicolae_ecumenical_pavilion, basic_altar,
          uniq_crazy_yiuf_cottage
D:3:      layout_loops_corners, serial_shops, shop, nicolae_shop_back_alley_shop
D:4:      layout_cave_pools, minmay_temple_entry_grid, cheibrodos_gnoll_hut
D:5:      layout_gridville, gammafunk_ghost_cemetery, nicolae_eternal_life,
          uniq_menkaure
D:6:      layout_basic
D:7:      layout_loops_ring, kennysheep_doodads, hangedman_decor_diamond_cutter,
          minmay_crystal_room, minmay_hollow_rounded_squares, uniq_duvessa,
          uniq_maggie
Temple:   regret_index_temple_sphere_string

Notes
Turn   | Place    | Note
-------+----------+-------------------------------------------
     0 | D:1      | quinnr the Vine Stalker Air Elementalist began the quest
                  | for the Orb.
     0 | D:1      | Reached XP level 1. HP: 9/9 MP: 4/4
    11 | D:1      | Found Fang's Magic Scroll Emporium.
   181 | D:1      | Found Iti Luji's General Store.
   224 | D:1      | Reached XP level 2. HP: 13/13 MP: 1/6
   467 | D:1      | Reached skill level 3 in Stealth
   467 | D:1      | Reached XP level 3. HP: 16/16 MP: 0/7
   829 | D:1      | Found Uveryhub's Antique Armour Emporium.
   961 | D:2      | Found a faded altar of an unknown god.
   966 | D:2      | Reached skill level 2 in Dodging
  1242 | D:2      | Reached skill level 2 in Conjurations
  1242 | D:2      | Gained mutation: Your natural rate of healing is unusually
                  | fast. [Vine Stalker growth]
  1242 | D:2      | Reached XP level 4. HP: 21/21 MP: 2/9
  1312 | D:2      | Found a runed translucent door.
  1313 | D:2      | Noticed Crazy Yiuf
  1714 | D:2      | Reached skill level 3 in Spellcasting
  1964 | D:2      | Reached skill level 4 in Air Magic
  2311 | D:2      | Found an ancient bone altar of Kikubaaqudgha.
  2583 | D:3      | Reached skill level 1 in Fighting
  2668 | D:3      | Reached XP level 5. HP: 25/25 MP: 3/10
  2835 | D:3      | Learned a level 2 spell: Static Discharge
  3285 | D:3      | Found Zuxteq's Antique Weapon Boutique.
  3506 | D:3      | Reached skill level 2 in Fighting
  3634 | D:3      | Found Xigugaq's Antique Weapon Shoppe.
  3887 | D:4      | Found a staircase to the Ecumenical Temple.
  3906 | D:4      | Reached XP level 6. HP: 30/30 MP: 5/11
  3909 | D:4      | Reached skill level 5 in Air Magic
  4112 | Temple   | Entered the Ecumenical Temple
  4567 | D:4      | Gained mutation: You possess an exceptional clarity of
                  | mind. [potion of mutation]
  4567 | D:4      | HP: 3/30 [iguana (8)]
  4723 | D:4      | Reached skill level 6 in Air Magic
  5049 | D:5      | Entered Level 5 of the Dungeon
  5139 | D:5      | Learned a level 4 spell: Airstrike
  5361 | D:5      | Noticed Menkaure
  5398 | D:5      | Killed Menkaure
  5399 | D:5      | Reached XP level 7. HP: 16/35 MP: 1/12
  5491 | D:5      | Reached skill level 7 in Air Magic
  5721 | D:5      | Found a runed translucent gate.
  5722 | D:5      | Found a runed translucent gate.
  5723 | D:5      | Found a runed translucent gate.
  5724 | D:5      | Noticed rinse's ghost (amateur KoDe)
  5726 | D:5      | Noticed IdlyInterested's ghost (novice DsGl)
  5726 | D:5      | Noticed Whirlpool's ghost (novice DECj)
  5735 | D:5      | Noticed Starbright's ghost (novice OpCj)
  6102 | D:5      | Learned a level 3 spell: Swiftness
  6356 | D:5      | Noticed rinse's ghost (amateur KoDe)
  6411 | D:6      | Noticed a steam dragon
  6484 | D:7      | Noticed a steam dragon
  6542 | D:6      | Reached skill level 8 in Air Magic
  6656 | D:6      | Gained mutation: You have razor-sharp teeth. [Vine Stalker
                  | growth]
  6656 | D:6      | Reached XP level 8. HP: 39/39 MP: 5/13
  6767 | D:6      | Reached skill level 9 in Air Magic
  6808 | D:6      | Reached skill level 3 in Fighting
  6808 | D:6      | Mangled by a wight

Vanquished Creatures
  A steam dragon (D:6)
  Menkaure (D:5)
  An orc warrior (D:6)
  An ogre (D:6)
  3 scorpions
  2 wights (D:6)
  A jelly (D:5)
  3 hounds
  2 orc priests
  A sleepcap (D:5)
  3 iguanas
  An orc wizard (D:3)
  5 gnolls
  6 adders
  A shadow imp (D:5)
  2 ufetubi
  2 worms (D:2)
  3 dart slugs
  14 orcs
  8 ball pythons
  4 bats
  11 endoplasms
  3 giant cockroaches
  7 goblins
  9 hobgoblins
  8 jackals (D:2)
  3 quokkas
  4 frilled lizards
  5 kobolds
  7 rats
122 creatures vanquished.

Table legend: (Time is in decaauts)
 A = Elapsed time spent in this place.
 B = Non-inter-level travel time spent in this place.
 C = Inter-level travel time spent in this place.
 D = Time resting spent in this place.
 E = Time spent auto-exploring this place.
 F = Levels seen in this place.
 G = Mean time per level.
                   A        B        C        D        E       F      G
               +--------+--------+--------+--------+--------+-----+--------+
         Total |   6810 |   6614 |    196 |    487 |   5104 |   8 |  851.2 |
       Dungeon |   6650 |   6473 |    177 |    487 |   4977 |   7 |  950.0 |
        Temple |    160 |    141 |     19 |      0 |    127 |   1 |  160.0 |
               +--------+--------+--------+--------+--------+-----+--------+

Top non-repeatable levels by time:
     D:2: 1637 daAuts
     D:3: 1411 daAuts
     D:5: 1277 daAuts
     D:4: 961 daAuts
     D:1: 960 daAuts
     D:6: 312 daAuts
  Temple: 160 daAuts
     D:7: 88 daAuts

Table legend:
 A = Non-vault XP
 B = Vault XP
 C = Vault XP percentage of total XP
 D = Non-vault monster count
 E = Vault monster count
 F = Vault count percentage of total count
                 A         B        C        D         E       F
            +---------+---------+-------+---------+---------+-------
      Total |    1507 |     274 |  15.4 |     117 |       5 |   4.1
            +---------+---------+-------+---------+---------+-------
        D:1 |      35 |      14 |  28.6 |      21 |       1 |   4.5
        D:2 |     107 |       0 |   0.0 |      32 |       0 |   0.0
        D:3 |     155 |       0 |   0.0 |      29 |       0 |   0.0
        D:4 |     162 |     103 |  38.9 |      10 |       3 |  23.1
        D:5 |     364 |     157 |  30.1 |      13 |       1 |   7.1
        D:6 |     676 |       0 |   0.0 |      11 |       0 |   0.0
        D:7 |       8 |       0 |   0.0 |       1 |       0 |   0.0
            +---------+---------+-------+---------+---------+-------

Levels and vault maps discovered:
D:1:      pf_arrival_petrified_forest, layout_rooms, serial_shops, shop, shop,
          shop, minmay_misc_feat_ornament, nicolae_grassy_gnolls
D:2:      layout_basic, nicolae_ecumenical_pavilion, basic_altar,
          uniq_crazy_yiuf_cottage
D:3:      layout_loops_corners, serial_shops, shop, nicolae_shop_back_alley_shop
D:4:      layout_cave_pools, minmay_temple_entry_grid, cheibrodos_gnoll_hut
D:5:      layout_gridville, gammafunk_ghost_cemetery, nicolae_eternal_life,
          uniq_menkaure
D:6:      layout_basic
D:7:      layout_loops_ring, kennysheep_doodads, hangedman_decor_diamond_cutter,
          minmay_crystal_room, minmay_hollow_rounded_squares, uniq_duvessa,
          uniq_maggie
Temple:   regret_index_temple_sphere_string
